 Dungeon Crawl Stone Soup version 0.29-a0-275-g389c0b56f3 (webtiles) character file.

Game seed: 7255082177719234534

5 Murumi the Skirmisher (level 1, 23/23 HPs)
             Began as an Ogre Gladiator on Mar 12, 2022.
             Was an Initiate of Ru.
             Quit the game on level 1 of the Dungeon.
             The game lasted 00:00:59 (264 turns).

Murumi the Skirmisher (Ogre Gladiator)               Turns: 264, Time: 00:00:59

Health: 23/23      AC:  3    Str: 17    XL:     1   Next: 80%
Magic:  1/1        EV: 10    Int:  9    God:    Ru [......]
Gold:   11         SH:  0    Dex: 10    Spells: 0/0 levels left

rFire   . . .      SeeInvis .   a - +0 flail
rCold   . . .      Faith    .   (no shield)
rNeg    . . .      Spirit   .   b - +0 robe
rPois   .          Reflect  .   c - +0 hat
rElec   .          Harm     .   (no cloak)
rCorr   .          Rampage  .   (gloves unavailable)
Will    .....                   (boots unavailable)
Stlth   +.........              (no amulet)
HPRegen 0.07/turn               (no ring)
MPRegen 0.07/turn               (no ring)

@: no status effects
A: large, unfitting armour, tough skin 1
a: Renounce Religion


You were on level 1 of the Dungeon.
You worshipped Ru.
Ru was noncommittal.
You visited 1 branch of the dungeon, and saw 1 of its levels.

You collected 11 gold pieces.

Inventory:

Hand Weapons
 a - a +0 flail (weapon)
Missiles
 d - 3 throwing nets
 e - a large rock
 g - 42 stones (quivered)
Armour
 b - a +0 robe (worn)
 c - a +0 hat (worn)
Potions
 f - a potion of might


   Skills:
 - Level 3.0 Fighting
 + Level 2.9 Maces & Flails
 - Level 2.0 Throwing
 - Level 2.6 Dodging


You couldn't memorise any spells.
You didn't know any spells.
Your spell library was empty.

Dungeon Overview and Level Annotations

Branches:
Dungeon (1/15)

Altars:
Ru


Innate Abilities, Weirdness & Mutations

You are too large for most types of armour.
You have tough skin. (AC +1)


Message History

Found 12 stones.
Found 13 stones.
Found 23 stones.
A frilled lizard comes into view.
Found a leather armour.
The frilled lizard hisses angrily.
The frilled lizard closely misses you.
You miss the frilled lizard. The frilled lizard barely misses you.
You miss the frilled lizard. The frilled lizard bites you.
The frilled lizard bites you but does no damage.
You hit the frilled lizard.
The frilled lizard is heavily wounded.
The frilled lizard barely misses you.
You closely miss the frilled lizard.
The frilled lizard is heavily wounded.
The frilled lizard barely misses you.
You miss the frilled lizard.
The frilled lizard is heavily wounded.
The frilled lizard barely misses you. x2
You hit the frilled lizard.
You kill the frilled lizard!
(D) Dungeon
Where to? (Enter - D:1 @ (x,y), ? - help)
Found a faded altar of an unknown god.
A frilled lizard comes into view.
The frilled lizard hisses angrily.
Throw: 43 stones
Press: ? - help, Q - select action, (/) - cycle Shift-Dir - straight line, f - frilled lizard
Aim: a frilled lizard (38% to hit)
You throw a stone.
The stone completely misses the frilled lizard.
You closely miss the frilled lizard. You punch the frilled lizard.
You kill the frilled lizard!
(D) Dungeon
Where to? (Enter - D:1 @ (x,y), ? - help)
There is a faded altar of an unknown god here.
You cannot tell which god this altar belongs to.
Convert to them anyway?
Ru accepts your prayer! Ru welcomes you!
Are you sure you want to abandon this character and quit the game? (Confirm with "yes".)

***,*****,♣.*,,*.♣...#.(...(...
*,,,,* *,*.♣*♣♣.♣........(.###
*,,,,* **,*,.♣♣..♣..........# #
*,,,,* *,,**♣.♣.♣......####.# #
***,***#,,,,♣...♣.♣♣...# #.# #
*,,,,..♣**♣.⌠.♣♣♣.♣..# #.# #
******♣..♣♣...♣...♣###**#.#*#
**♣........♣♣,,,,*#..,.
♣♣.8@8..♣♣,,,,,,,***#
#♣♣♣♣♣♣♣♣,,,,,,,,*
#.....#,,,,,,,,,,*
#.....#*******,***
***#######.....# *,***###
*,,............# *,,,,...
*,,.........#### ******##
*,,.........### *,,...........#
#####


There were no monsters in sight!

Vanquished Creatures
  A ball python (D:1)
  A goblin (D:1)
  A quokka (D:1)
  2 frilled lizards (D:1)
5 creatures vanquished.

Notes
Turn   | Place    | Note
-------+----------+-------------------------------------------
     0 | D:1      | Murumi the Ogre Gladiator began the quest for the Orb.
     0 | D:1      | Reached XP level 1. HP: 22/22 MP: 1/1
   184 | D:1      | Reached skill level 3 in Fighting
   252 | D:1      | Found a faded altar of an unknown god.
   263 | D:1      | Prayed at the altar of an unknown god.
   263 | D:1      | Became a worshipper of Ru the Awakened
   264 | D:1      | Quit the game

Illustrated notes

Levels and vault maps discovered:
D:1:      dpeg_arrival_tiny_a, layout_basic,
          shapermc_ecumenical_altar_totnotflames

Skill      XL: |  1 |
---------------+----+-----
Fighting       | 3 |  3.0
Maces & Flails | |  2.9
Throwing       | |  2.0
Dodging        | |  2.6

Action                   || total
-------------------------++-------
Melee: Flail             ||    12
       Punch             ||     1
Throw: Stone             ||    12
  Use: Scroll            ||     2
Armor: Robe              ||     2
Dodge: Dodged            ||     9

Table legend: (Time is in decaauts)
 A = Elapsed time spent in this place.
 B = Non-inter-level travel time spent in this place.
 C = Inter-level travel time spent in this place.
 D = Time resting spent in this place.
 E = Time spent auto-exploring this place.
 F = Levels seen in this place.
 G = Mean time per level.
                   A        B        C        D        E       F      G
               +--------+--------+--------+--------+--------+-----+--------+
         Total |    267 |    235 |     32 |      0 |    191 |   1 |  267.0 |
       Dungeon |    267 |    235 |     32 |      0 |    191 |   1 |  267.0 |
               +--------+--------+--------+--------+--------+-----+--------+

Top non-repeatable levels by time:
     D:1: 267 daAuts
